Map: Blackrock LE

Players

Halo - Winner!

  • Race: Zerg Zerg

A.I. 1 (Harder)

  • Race: Zerg Zerg

VOD

Have the link to the VOD?

Description

Time

  • Played on: Aug. 5, 2026, 2:14 p.m.
  • Length: 11:04
Show
View Real Time Build Order
Export as new Build Order

Halo Zerg - Winner!

Build Orders: Hatch First 

Get SALT Encoding   

  8  0:00  Drone  
  9  0:10  Drone  
  10  0:16  Drone  
  11  0:21  Drone  
  11  0:28  Extractor  
  11  0:30  Drone  
  13  0:40  Overlord  
  13  0:58  Drone x2  
  15  1:13  Hatchery  
  14  1:19  Drone  
  14  1:22  Drone  
  16  1:38  Spawning Pool  
  15  1:40  Extractor  
  15  1:43  Drone  
  16  1:47  Drone  
  16  1:51  Drone  
  17  1:55  Drone  
  18  2:03  Drone  
  19  2:13  Overlord  
  19  2:26  Zergling x4  
  21  2:35  Queen  
  21  2:36  Queen  
  25  2:40  Drone  
  26  2:44  Drone  
  26  2:50  Metabolic Boost  
  27  2:55  Drone  
  28  3:00  Overlord  
  28  3:20  Hatchery  
  28  3:23  Drone  
  28  3:26  Drone  
  29  3:29  Drone  
  30  3:46  Overlord x2  
  30  3:52  Drone x4  
  34  3:56  Drone  
  34  3:57  Drone  
  34  4:00  Drone  
  34  4:02  Drone  
  38  4:05  Drone  
  38  4:08  Drone  
  40  4:10  Drone  
  40  4:12  Drone  
  42  4:26  Queen  
  42  4:27  Queen  
  46  4:33  Extractor  
  46  4:36  Baneling Nest  
  46  4:37  Zergling x6  
  47  4:39  Zergling x2  
  47  4:40  Zergling x2  
  47  4:41  Zergling x2  
  47  4:44  Zergling x2  
  51  4:45  Zergling x2  
  52  4:59  Drone x2  
  55  5:00  Drone  
  55  5:02  Drone x4  
  59  5:24  Drone  
  59  5:28  Overlord x2  
  60  5:38  Overlord x2  
  60  5:39  Overlord  
  60  5:44  Lair  
  60  5:45  Evolution Chamber, Drone  
  60  5:46  Evolution Chamber, Drone  
  60  5:47  Drone x5  
  65  5:57  Drone x4  
  66  5:58  Drone x3  
  66  6:00  Zergling x2  
  66  6:01  Zergling x6  
  76  6:22  Zergling x14  
  83  6:27  Overlord  
  83  6:28  Overlord x2  
  83  6:29  Zergling x14  
  91  6:43  Zerg Melee Weapons Level 1, Zerg Ground Armor Level 1  
  91  6:44  Zergling x2  
  91  6:45  Zergling x4  
  91  6:47  Baneling x18  
  93  7:05  Overlord x3  
  93  7:06  Zergling x16  
  101  7:11  Centrifugal Hooks  
  101  7:12  Zergling x6  
  104  7:27  Zergling x10  
  104  7:28  Zergling x2  
  110  7:37  Hatchery  
  108  7:47  Hatchery  
  107  7:57  Zergling x30  
  122  8:06  Drone x2  
  122  8:09  Hatchery  
  122  8:10  Hatchery  
  122  8:36  Extractor  
  122  8:41  Zergling x26  
  124  8:44  Overlord x4  
  134  8:50  Queen  
  134  8:54  Drone x7  
  134  8:59  Zergling x8  
  117  9:10  Zergling x10  
  115  9:24  Zergling x32  
  129  9:36  Queen  
  129  9:38  Drone x7  
  133  10:10  Zergling x20  
  133  10:11  Zergling x36  
  158  10:19  Zergling x14  
  159  10:31  Zergling x10  
  159  10:32  Zergling x14  
  159  10:34  Overlord  
  159  10:35  Zergling x4  
  173  10:42  Zergling x4  
  175  10:43  Zergling x8  
Show
View Real Time Build Order
Export as new Build Order

A.I. 1 (Harder) Zerg 

Build Orders: Hatch First 

Get SALT Encoding   

  8  0:00  Drone  
  9  0:11  Drone  
  10  0:16  Drone  
  11  0:22  Drone  
  12  0:33  Overlord  
  12  0:51  Drone x3  
  15  1:01  Drone  
  16  1:11  Drone  
  17  1:21  Hatchery  
  17  1:25  Drone  
  17  1:41  Spawning Pool, Drone  
  17  1:45  Drone  
  18  1:48  Extractor  
  18  1:50  Drone  
  18  2:00  Overlord  
  18  2:10  Drone  
  19  2:28  Queen  
  21  2:30  Zergling x4  
  21  2:31  Roach Warren  
  21  2:33  Drone  
  21  2:35  Extractor  
  22  2:40  Drone  
  23  3:01  Overlord  
  24  3:05  Drone  
  24  3:12  Roach  
  26  3:23  Roach, Extractor, Drone  
  28  3:33  Lair, Roach  
  30  3:44  Roach  
  30  3:45  Overlord  
  32  4:02  Drone  
  33  4:07  Drone  
  35  4:10  Drone  
  35  4:12  Drone  
  35  4:16  Drone  
  37  4:19  Drone  
  38  4:26  Overlord  
  38  4:31  Drone  
  39  4:32  Hydralisk Den  
  39  4:34  Drone  
  39  4:38  Drone  
  40  4:41  Drone  
  40  4:44  Drone  
  42  4:50  Roach  
  44  4:59  Overlord  
  44  5:00  Roach  
  46  5:10  Hydralisk  
  48  5:18  Overlord  
  48  5:22  Roach  
  48  5:24  Drone  
  48  5:26  Drone  
  52  5:28  Drone  
  52  5:31  Drone  
  52  5:33  Roach, Drone  
  57  5:36  Drone  
  57  5:41  Overlord  
  58  5:43  Hydralisk, Drone  
  58  5:46  Drone  
  58  5:48  Drone  
  63  5:50  Drone  
  63  5:53  Drone  
  65  5:58  Drone  
  65  6:03  Hydralisk, Evolution Chamber  
  67  6:08  Drone  
  68  6:13  Overlord, Hydralisk  
  68  6:14  Drone  
  68  6:18  Drone  
  72  6:23  Drone  
  72  6:24  Burrow  
  73  6:28  Drone  
  73  6:29  Zerg Ground Armor Level 1  
  74  6:33  Drone  
  74  6:38  Drone  
  76  6:43  Overlord  
  76  6:47  Roach, Drone  
  76  6:48  Drone  
  80  6:58  Roach  
  82  7:01  Overlord, Drone  
  83  7:08  Roach  
  85  7:16  Overseer  
  85  7:19  Overlord, Roach  
  85  7:20  Baneling Nest, Drone  
  85  7:21  Extractor  
  85  7:22  Drone  
  87  7:24  Overseer  
  87  7:28  Spore Crawler  
  87  7:29  Spore Crawler  
  85  7:30  Drone, Roach  
  85  7:31  Drone  
  85  7:35  Spore Crawler, Drone  
  89  7:38  Spore Crawler  
  89  7:40  Overlord, Hydralisk  
  90  7:46  Queen  
  90  7:47  Drone  
  90  7:49  Drone  
  90  7:50  Drone  
  90  7:51  Hydralisk  
  95  7:55  Spine Crawler  
  95  7:56  Drone  
  97  7:58  Spine Crawler  
  97  8:00  Overlord  
  97  8:02  Drone  
  97  8:06  Spine Crawler  
  97  8:07  Drone  
  97  8:11  Roach, Spine Crawler  
  98  8:16  Queen  
  98  8:17  Drone  
  101  8:21  Infestation Pit, Roach  
  101  8:23  Zerg Missile Weapons Level 1  
  101  8:26  Spire  
  101  8:27  Evolution Chamber, Drone  
  101  8:29  Drone  
  101  8:32  Roach  
  104  8:40  Roach  
  104  8:42  Hydralisk  
  106  8:52  Zerg Melee Weapons Level 1  
  106  8:53  Hydralisk, Roach  
  94  9:04  Zergling x2  
  83  9:15  Roach  
  59  9:19  Zergling x2  
  59  9:20  Zergling x2  
  59  9:21  Zergling x2  
  59  9:22  Drone  
  59  9:23  Zergling x2, Drone  
  58  9:25  Zergling x2  
  58  9:26  Queen  
  58  9:27  Drone  
  45  9:34  Roach, Zergling x2  
  45  9:36  Drone  
  45  9:37  Roach  
  43  9:42  Hydralisk  
  43  9:43  Roach  
  43  9:51  Roach  
  41  9:57  Zergling x4  
  41  9:59  Zergling x2  
  43  10:00  Drone  
  43  10:01  Drone  
  43  10:02  Drone x5, Zergling x2  
  43  10:03  Drone x9  
  43  10:04  Drone x2  
  38  10:10  Hydralisk  
  38  10:19  Roach  
  38  10:21  Hatchery, Drone x2  
  38  10:22  Drone  
  38  10:24  Drone x3  
  31  10:28  Roach  
  26  10:38  Drone x5  
  17  10:46  Drone  
  17  10:47  Drone  
  17  10:48  Drone  
Tags
 
Add a new tag
Caveats
  • Supply blocks, unpowered buildings, or Contaminate may cause inaccurate times.
  • Supply counts are checked every 10 seconds.